 Dungeon Crawl Stone Soup version 0.29.1 (webtiles) character file.

Game seed: 11071136428830617565

3029 raistware the Destroyer (level 9, -4/53 HPs)
             Began as an Octopode Conjurer on Sept 12, 2022.
             Slain by a gnoll sergeant
             ... wielding a +0 spear
              (7 damage)
             ... on level 7 of the Dungeon.
             The game lasted 00:18:10 (9629 turns).

raistware the Destroyer (Octopode Conjurer)         Turns: 9629, Time: 00:18:12

Health: -4/53      AC:  1    Str:  6    XL:     9   Next: 86%
Magic:  21/31      EV: 14    Int: 25    God:
Gold:   425        SH:  0    Dex: 16    Spells: 21/26 levels left

rFire   . . .      SeeInvis +   g - staff of conjuration
rCold   + . .      Faith    .   (no shield)
rNeg    . . .      Spirit   .   (helmet restricted)
rPois   .          Reflect  .   (no amulet)
rElec   .          Harm     .   d - ring of protection from cold
rCorr   .          Rampage  .   h - ring of magical power
Will    .....                   t - +6 ring of dexterity
Stlth   +++.......              y - ring of see invisible
HPRegen 0.17/turn               (no ring)
MPRegen 0.22/turn               (no ring)
                                (no ring)
                                (no ring)

@: very slightly contaminated
A: almost no armour, amphibious, 8 rings, camouflage 1, gelatinous body 1,
(nimble swimmer 1), tentacles
a: no special abilities


You were on level 7 of the Dungeon.
You visited 2 branches of the dungeon, and saw 8 of its levels.

You collected 425 gold pieces.

Inventory:

Missiles
 p - 4 curare-tipped darts
Magical Staves
 g - a staff of conjuration (weapon)
Jewellery
 d - a ring of protection from cold (left tentacle)
 h - a ring of magical power (right tentacle)
 t - a +6 ring of dexterity (on tentacle)
 y - a ring of see invisible (on tentacle)
Wands
 D - a wand of paralysis (6)
 E - a wand of iceblast (3)
Scrolls
 i - 3 scrolls of teleportation {unknown}
 l - a scroll of immolation {unknown}
 m - 2 scrolls of silence {unknown}
 r - 6 scrolls of identify {unknown}
 u - 3 scrolls of vulnerability {unknown}
 v - 2 scrolls of enchant weapon {unknown}
 w - a scroll of poison {unknown}
 x - a scroll of acquirement {unknown}
 B - 2 scrolls of magic mapping {unknown}
 F - a scroll of noise {unknown}
Potions
 a - a potion of magic
 b - 4 potions of heal wounds {unknown}
 c - 2 potions of mutation {unknown}
 e - a potion of degeneration {unknown}
 f - 3 potions of attraction {unknown}
 j - 2 potions of resistance {unknown}
 k - 3 potions of haste {unknown}
 n - 2 potions of brilliance {unknown}
 o - a potion of might {unknown}
 q - a potion of berserk rage {unknown}
 s - 2 potions of lignification {unknown}
 z - 2 potions of cancellation {unknown}
 A - a potion of experience {unknown}
 C - a potion of flight {unknown}


   Skills:
 - Level 1.0 Fighting
 - Level 3.0 Dodging
 - Level 2.6 Stealth
 + Level 9.1 Spellcasting
 + Level 9.3 Conjurations
 - Level 2.0 Translocations
 - Level 2.0 Evocations


You had 21 spell levels left.
You knew the following spells:

 Your Spells              Type           Power      Damage    Failure   Level
a - Magic Dart            Conj           100%       1d8       1%          1
b - Iskenderun's Mystic   Conj/Tloc      56%        2d12      5%          4

Your spell library contained the following spells:

 Spells                   Type           Power      Damage    Failure   Level
 Searing Ray              Conj           100%       2d8       1%          2
 Dazzling Flash           Conj/Hex       100%       N/A       2%          3
 Sting                    Tmut/Pois      44%        1d5       5%          1
 Fulminant Prism          Conj/Hex       25%        3d14      8%          4
 Poisonous Vapours        Pois/Air       22%        N/A       9%          2
 Frozen Ramparts          Ice            22%        1d4       16%         3
 Lightning Bolt           Conj/Air       25%        1d41      22%         5
 Airstrike                Air            5%         2d(1-17)  47%         4
 Ice Form                 Ice/Tmut       11%        N/A       47%         4
 Olgreb's Toxic Radiance  Pois           11%        N/A       47%         4
 Summon Ice Beast         Ice/Summ       11%        N/A       47%         4
 Summon Lightning Spire   Summ/Air       11%        N/A       47%         4
 Storm Form               Tmut/Air       5%         N/A       100%        7
 Maxwell's Capacitive Co  Air            5%         ∞         100%        8


Dungeon Overview and Level Annotations

Branches:
Dungeon (7/15)             Temple (1/1) D:6

Altars:
Cheibriados
Elyvilon
Fedhas
Makhleb
Nemelex Xobeh
Qazlal
Ru
Sif Muna
Trog
Uskayaw
Wu Jian
Xom
Yredelemnul
Zin
The Shining One

Shops:
D:4 *   D:5 [   D:6 ::

Annotations:
D:4 Grinder


Innate Abilities, Weirdness & Mutations

You cannot wear most types of armour.
You are amphibious.
You can wear up to eight rings at the same time.
Your skin changes colour to match your surroundings (Stealth+).
Your rubbery body absorbs attacks. (AC +1, EV +1)
((You are camouflaged when in or above water. (Stealth+)))
You have tentacles for arms and can constrict up to eight enemies at once.


Message History

A gnoll sergeant comes into view. It is wielding a +0 spear.
The gnoll sergeant shouts!
You see here a scroll labelled EBUMMA VAJIS.
v - 2 scrolls labelled EBUMMA VAJIS (gained 1)
Aiming: Iceblast
Press: ? - help, Shift-Dir - straight line, f - gnoll
Aim: a gnoll, wielding a +0 halberd The mass of ice explodes!
The iceblast engulfs the gnoll!
The gnoll is almost dead.
The iceblast engulfs the gnoll sergeant!
The gnoll sergeant is heavily wounded.
Unknown command.
Aiming: Iceblast
Press: ? - help, Shift-Dir - straight line, f/p - gnoll
Aim: a gnoll, wielding a +0 halberd (almost dead)
The mass of ice explodes!
The iceblast engulfs the gnoll sergeant.
The gnoll sergeant is severely wounded.
The iceblast engulfs the gnoll!!
You kill the gnoll!
You hear a shout!
The gnoll sergeant hits you from afar with a +0 spear!
* * * LOW HITPOINT WARNING * * *
Casting: Magic Dart (safe; 1% risk of failure)
Confirm with . or Enter, or press ? or * to list all spells.
Aiming: Magic Dart (safe; 1% risk of failure)
Press: ? - help, Shift-Dir - straight line, f - gnoll sergeant
Aim: a gnoll sergeant, wielding a +0 spear and wearing a +0 ring mail (severely wounded, 100% to hit)
You feel a surge of power!
The magic dart hits the gnoll sergeant but does no damage.
The gnoll sergeant is severely wounded.
The gnoll sergeant hits you from afar with a +0 spear!
* * * LOW HITPOINT WARNING * * *
Casting: Magic Dart (safe; 1% risk of failure)
Confirm with . or Enter, or press ? or * to list all spells.
You feel a surge of power!
You miscast Iskenderun's Mystic Blast.
You are very lightly contaminated with residual magic.
Nothing appears to happen.
The gnoll sergeant hits you from afar with a +0 spear!
You die...

#######
#.....##############
###.###.###.###.##
##...............#
#..##.###.###.##..
##.#...)g.@....#.# #
##..(##.###.##...#
#.##.#.#.......#.#.#
###.#..#.).##.##...#..
.....#.#g#.#...#$#.#.#
#####...#.$.#...#...#
##.#.#.#...#.#.#.#
####..#...##.##...#..
g...#.#.#.......#.#.


You could see a gnoll sergeant and a gnoll.

Vanquished Creatures
  Pikel (D:6)
  Maggie (D:6)
  Sigmund (D:5)
  A wraith (D:5)
  Edmund (D:6)
  A water moccasin (D:4)
  An orc warrior (D:5)
  A black bear (D:4)
  An ice beast (D:5)
  An ogre (D:6)
  A centaur (D:6)
  2 lemures
  A phantom (D:7)
  Blork the orc (D:5)
  A bullfrog (D:6)
  3 necrophages
  A scorpion (D:4)
  A howler monkey (D:6)
  A jelly (D:5)
  6 hounds
  An orc priest (D:6)
  A gnoll bouda (D:4)
  Jessica (D:3)
  2 iguanas
  Crazy Yiuf (D:6)
  Terence (D:2)
  Natasha (thrice) (D:3)
  4 orc wizards
  Robin (D:3)
  7 gnolls
  5 adders
  A shadow imp (D:6)
  3 white imps
  3 worms
  4 dart slugs
  22 orcs
  14 ball pythons
  4 endoplasms
  8 giant cockroaches
  17 goblins
  7 hobgoblins
  16 jackals
  A quokka (D:2)
  7 bats
  3 frilled lizards
  7 kobolds
  5 rats
177 creatures vanquished.

Notes
Turn   | Place    | Note
-------+----------+-------------------------------------------
     0 | D:1      | raistware the Octopode Conjurer began the quest for the
                  | Orb.
     0 | D:1      | Reached XP level 1. HP: 11/11 MP: 3/3
   186 | D:1      | Reached XP level 2. HP: 17/17 MP: 0/5
   588 | D:1      | Found a faded altar of an unknown god.
   617 | D:1      | Reached XP level 3. HP: 15/21 MP: 3/7
  1729 | D:2      | Reached XP level 4. HP: 27/27 MP: 9/9
  2066 | D:2      | Noticed Terence
  2073 | D:2      | Learned a level 4 spell: Iskenderun's Mystic Blast
  2081 | D:2      | Killed Terence
  2547 | D:2      | Found a bloodstained altar of Trog.
  2779 | D:3      | Reached skill level 1 in Translocations
  2842 | D:3      | Noticed Natasha
  2845 | D:3      | Killed Natasha
  2846 | D:3      | Reached XP level 5. HP: 31/31 MP: 11/11
  3033 | D:3      | Noticed Jessica
  3039 | D:3      | Killed Jessica
  3653 | D:3      | Reached XP level 6. HP: 36/36 MP: 12/12
  3684 | D:3      | Noticed Robin
  3692 | D:3      | Killed Robin
  3947 | D:3      | Noticed Natasha
  3954 | D:3      | Killed Natasha
  4225 | D:3      | Noticed Natasha
  4229 | D:3      | Killed Natasha
  4230 | D:3      | Reached skill level 5 in Conjurations
  4544 | D:4      | Reached skill level 5 in Spellcasting
  4961 | D:4      | Noticed a water moccasin
  4966 | D:4      | Killed a water moccasin
  4967 | D:4      | Reached XP level 7. HP: 41/41 MP: 15/15
  5215 | D:4      | Found Koyqycos's General Store.
  5906 | D:4      | Found a glowing silver altar of Zin.
  5906 | D:4      | Noticed an angel
  6079 | D:5      | Entered Level 5 of the Dungeon
  6079 | D:5      | Noticed Sigmund
  6104 | D:5      | Noticed Grinder
  6365 | D:5      | Killed Sigmund
  6366 | D:5      | Reached XP level 8. HP: 46/46 MP: 17/17
  6368 | D:5      | Found Baniu's Antique Armour Shop.
  6619 | D:5      | Noticed a wraith
  7187 | D:5      | Reached skill level 1 in Fighting
  7393 | D:5      | Noticed Blork the orc
  7402 | D:5      | Killed Blork the orc
  7542 | D:5      | Killed a wraith
  7725 | D:6      | Noticed Pikel
  8082 | D:6      | Killed Pikel
  8083 | D:6      | Reached skill level 1 in Evocations
  8083 | D:6      | Reached XP level 9. HP: 37/53 MP: 18/21
  8264 | D:6      | Noticed Edmund
  8276 | D:6      | Killed Edmund
  8402 | D:6      | Noticed Maggie
  8409 | D:6      | Killed Maggie
  8798 | D:6      | Found Reled's Book Shoppe.
  8798 | D:6      | Found Xusedouz's Vocational Training.
  9203 | D:6      | Found a staircase to the Ecumenical Temple.
  9326 | D:6      | Found a runed translucent door.
  9389 | Temple   | Entered the Ecumenical Temple
  9389 | Temple   | Found a transporter.
  9389 | Temple   | Found a transporter.
  9391 | Temple   | Found a transporter.
  9391 | Temple   | Found a transporter.
  9481 | D:6      | Noticed Crazy Yiuf
  9486 | D:6      | Killed Crazy Yiuf
  9629 | D:7      | Slain by a gnoll sergeant

Illustrated notes

Levels and vault maps discovered:
D:1:      amcnicky_arrival_single_pillar, layout_rooms,
          nicolae_ecumenical_lake_church, wander_ebering_terrifying_dragon_lair
D:2:      layout_basic, basic_altar, uniq_terence
D:3:      layout_basic, serial_curves, eino_curves_01, eino_curves_04,
          uniq_robin, uniq_natasha, uniq_jessica
D:4:      black_bear_nest_2, layout_cave_pods, zin_angel, serial_shops,
          shop_fountains
D:5:      kennysheep_big_flooded_room, layout_loops_ring, serial_shops,
          shop_statue, portal_sewer_entry_b, uniq_blork_the_orc, uniq_sigmund,
          uniq_grinder
D:6:      layout_rooms, minmay_temple_entry_fiery, serial_shops, shop,
          nicolae_shop_vocational, uniq_edmund, uniq_maggie, uniq_pikel,
          uniq_crazy_yiuf_cottage
D:7:      layout_loops_ring, mainiacjoe_overflow_alcove_4,
          nicolae_concentric_dashed_squares_mild, nicolae_shop_self_help
Temple:   hellmonk_temple_divided_pantheon

Skill      XL: |  1  2  3  4  5  6  7  8  9 |
---------------+----------------------------+-----
Spellcasting   | 3 4 5 6 8 9 |  9.1
Translocations | 1 2 |  2.0
Conjurations   | 5 6 8 9 |  9.3
Fighting       | 1 |  1.0
Dodging        | 3 |  3.0
Evocations     | 1 2 |  2.0
Stealth        | |  2.6

Action                   |  1- 3 |  4- 6 |  7- 9 || total
-------------------------+-------+-------+-------++-------
Melee: Unarmed           |    16 |       |       ||    16
       Tentacles         |     7 |     1 |    17 ||    25
       Constrict         |     5 |     1 |    14 ||    20
       Staff             |     2 |     7 |    53 ||    62
       Punch             |       |       |     1 ||     1
Throw: Dart              |       |     2 |     1 ||     3
 Cast: Magic Dart        |    70 |   140 |   222 ||   432
       Iskenderun's Myst |       |     9 |    28 ||    37
Evoke: Wand              |       |       |    11 ||    11
 Stab: Sleeping          |       |       |     2 ||     2
       Distracted        |       |       |     1 ||     1
Armor: Skin              |       |     1 |     3 ||     4
Dodge: Dodged            |    10 |    22 |   104 ||   136
